[Event "Early-Titled-Tuesday-Blitz-June-18-2024"]
[Site "Chess.com"]
[Date "2024.06.18"]
[Round "1"]
[White "sanbruh"]
[Black "NikitaShnadrygin"]
[Result "0-1"]
[WhiteElo "2436"]
[BlackElo "2771"]
[TimeControl "180+1"]
[EndTime "8:07:35 PDT"]
[Termination "NikitaShnadrygin won by resignation"]

1. e4 c5 2. Nf3 e6 3. c3 Nf6 4.
Bd3 d5 5. exd5 exd5 6. O-O Be7 7.
h3 O-O 8. Bc2 d4 9. d3 Nc6 10. Bf4 b6 11. Na3 Nd5 12. Bd2 dxc3 13. bxc3 Bf6 14. Ba4 Bb7 15. Rc1 a6 16. Bxc6 Bxc6 17.
d4 cxd4 18. cxd4 Bb7 19. Nc4 h6 20. Re1 Rc8 21. Qb3 b5 22. Nce5 Qd6 23. a4 Nc7 24. Bb4 Qd5 25. Qxd5 Nxd5 26. Bxf8 Rxf8 27. axb5 axb5 28. Nd7 Rd8 29. Nxf6+ gxf6 30. Nh4 Nf4 31. Re7 Bd5 32. Nf5 b4 33. Nxh6+ Kf8 34. Re3 Nxg2 35. Rg3 Nf4 36. Rg8+ Ke7 37. Rxd8 Kxd8 38. Kh2 Nd3 39. Rb1 b3 40. Ng4 b2 41. Nxf6 Ba2 42. Rxb2 Nxb2 43.
Kg3 Nc4 44. f4 Nd6 45. h4 Ke7 46. Ng4 Nf5+ 47. Kh3 Nxd4 48. Ne5 Be6+ 49. Kh2 Nf5 50. h5 Nh6 51. Kg3 Kf6 52. Nc6 Nf5+ 53. Kf3 Bd5+ 54.
Kg4 Bxc6 55. h6 Nxh6+ 0-1

[Event "Early-Titled-Tuesday-Blitz-June-18-2024"]
[Site "Chess.com"]
[Date "2024.06.18"]
[Round "1"]
[White "NajdorfPlayerc5"]
[Black "zimmm36"]
[Result "0-1"]
[WhiteElo "2428"]
[BlackElo "2768"]
[TimeControl "180+1"]
[EndTime "8:07:35 PDT"]
[Termination "zimmm36 won on time"]

1. e4 c6 2. d4 d5 3. e5 Bf5 4. h4 h5 5. Bd3 Bxd3 6. Qxd3 Qa5+ 7. Nd2 e6 8. Nf3 Ne7 9. O-O Nf5 10. Nb3 Qa6 11. Qd1 b6 12. Bg5 Nd7 13. Re1 Rc8 14. c3 c5 15. Re2 Qb7 16. Rc1 a5 17.
Rec2 c4 18. Nbd2 b5 19. Nf1 b4 20. Ne3 Nxe3 21. fxe3 b3 22. axb3 Qxb3 23. Qe1 a4 24. Rf2 f5 25. exf6 gxf6 26. Bf4 Be7 27. e4 Qb7 28. exd5 Qxd5 29. Ra1 Ra8 30. Re2 Kf7 31.
Qf2 Rhg8 32. Bh2 Rg4 33. Ng5+ Rxg5 34. hxg5 Qxg5 35. Qe3 Qxe3+ 36. Rxe3 Nb6 37. Rae1 Nd5 38. Rxe6 a3 39. bxa3 Bxa3 40. Rc6 Bb2 41. Rxc4 Bxc3 42. Rc1 Bd2 43. Rb1 Be3+ 44. Kh1 Ra2 45. Rc5 Nb4 46. Rc7+ Kg6 47. Bg1 Bxg1 48. Kxg1 Nd5 49. Rc5 Nf4 50. d5 Rxg2+ 51. Kf1 Rd2 52. Rbb5 h4 53. Rc6 Nxd5 54. Ke1 Rd4 55. Rd6 Re4+ 56. Kf2 Nc3 57. Rbb6 Rf4+ 58.
Ke3 Rf5 59. Kd4 Ne2+ 60. Ke4 Ng3+ 61. Ke3 h3 62. Rd2 Nf1+ 63. Ke2 Nxd2 64. Kxd2 h2 65.
Rb1 Ra5 66. Rh1 Ra2+ 67. Ke3 Kg5 68. Kf3 Kh4 69. Kf4 Rf2+ 70. Ke3 Kg3 71. Rc1 Kg2 0-1

[Event "Early-Titled-Tuesday-Blitz-June-18-2024"]
[Site "Chess.com"]
[Date "2024.06.18"]
[Round "1"]
[White "rionelG"]
[Black "SuperJesus88"]
[Result "0-1"]
[WhiteElo "2354"]
[BlackElo "2662"]
[TimeControl "180+1"]
[EndTime "8:07:35 PDT"]
[Termination "SuperJesus88 won on time"]

1. e4 d6 2. d4 Nf6 3. Nc3 e5 4. Nf3 Nbd7 5. Bc4 Be7 6. O-O O-O 7. a4 c6 8. Qe2 a5 9. b3 Re8 10. dxe5 Nxe5 11. Nxe5 dxe5 12. Bb2 Qc7 13. f3 Bc5+ 14. Kh1 Bd4 15. Nd1 Nh5 16. c3 Ba7 17. Bc1 Nf4 18.
Qe1 Qe7 19. Be3 b6 20. Qg3 Qf6 21. Nf2 b5 22. Bxa7 bxc4 23. Be3 cxb3 24. Ng4 Bxg4 25. fxg4 Rab8 26. Bxf4 exf4 27. Rxf4 Qe5 28. Rb1 Red8 29. Qf3 Qe6 30. h3 h6 31. Rf5 b2 32. Rxa5 Qa2 33.
Qf1 Rd2 34. Ra7 Rc2 35. Kh2 Qe6 36. a5 Kh8 37. a6 Qe5+ 38. Kh1 Qxe4 39. Rb7 Ra8 40.
R7xb2 Rxb2 41. Rxb2 Rxa6 42. Rb8+ Kh7 43. Qf3 Ra1+ 44.
Kh2 Qe5+ 45. Qg3 Rh1+ 46. Kxh1 Qxg3 0-1

[Event "Early-Titled-Tuesday-Blitz-June-18-2024"]
[Site "Chess.com"]
[Date "2024.06.18"]
[Round "1"]
[White "mitrabhaa"]
[Black "kecalk"]
[Result "1-0"]
[WhiteElo "2973"]
[BlackElo "2531"]
[TimeControl "180+1"]
[EndTime "8:07:37 PDT"]
[Termination "mitrabhaa won by checkmate"]

1. Nf3 d5 2. e3 Nf6 3. b3 c5 4.
Bb2 Nc6 5. Bb5 Bd7 6. O-O a6 7. Bxc6 Bxc6 8. Ne5 Rc8 9. d3 e6 10. Nd2 Be7 11. f4 O-O 12. Rf3 Nd7 13. Rh3 g6 14. Nxd7 Bxd7 15. Nf3 e5 16. Rg3 exf4 17. exf4 d4 18. Ne5 Bf5 19. Qf3 b5 20. a4 Bd6 21. axb5 axb5 22. Qh5 Kh8 23. Qh6 Qc7 24. b4 Bxe5 25. fxe5 Qxe5 26. bxc5 Qxc5 27. Qh4 Rcd8 28. Rc1 Rd6 29. c3 Kg8 30. Qf4 Rfd8 31. cxd4 Qb4 32.
Bc3 Qa3 33. Bd2 Rd5 34. h3 h5 35. Kh2 Be6 36. Qh6 Rxd4 37. Rxg6+ fxg6 38. Qxg6+ Kf8 39. Qxe6 Qe7 40. Rf1+ Ke8 41. Qc6+ Qd7 42. Qg6+ Ke7 43. Rf7+ Ke8 44. Qg8# 1-0

[Event "Early-Titled-Tuesday-Blitz-June-18-2024"]
[Site "Chess.com"]
[Date "2024.06.18"]
[Round "1"]
[White "Smiechu"]
[Black "KogotBobra17"]
[Result "0-1"]
[WhiteElo "2359"]
[BlackElo "2667"]
[TimeControl "180+1"]
[EndTime "8:07:37 PDT"]
[Termination "KogotBobra17 won on time"]

1. e4 c5 2. Nf3 Nc6 3. d4 cxd4 4.
Nxd4 Nf6 5. Nc3 e5 6. Ndb5 d6 7. Nd5 Nxd5 8. exd5 Nb8 9. a4 Be7 10. Be2 O-O 11. O-O f5 12. f4 Bf6 13. c3 a6 14. Na3 Nd7 15. Nc4 Qc7 16. a5 b5 17.
axb6 Nxb6 18. Na5 Kh8 19. Kh1 Bb7 20. Nxb7 Qxb7 21. c4 Nd7 22. fxe5 Bxe5 23. Rb1 Nc5 24. b4 Ne4 25. Bb2 Bxb2 26. Rxb2 a5 27. Qe1 axb4 28.
Rxb4 Qa7 29. Bd3 Qd4 30. Bxe4 fxe4 31. Rxf8+ Rxf8 32. h3 e3 33. Qe2 h6 34. Rb3 Re8 35. Qh5 Qe4 36. Qe2 Qf4 37. Rb1 Re4 38. Rf1 Qe5 39.
Rf3 Qd4 40. Qf1 Kh7 41. Rf8 Qe5 42. Qf7 e2 43. Qg8+ Kg6 44. Qf7+ Kg5 0-1

[Event "Early-Titled-Tuesday-Blitz-June-18-2024"]
[Site "Chess.com"]
[Date "2024.06.18"]
[Round "1"]
[White "JiaHaoxiang"]
[Black "nitpicker"]
[Result "1-0"]
[WhiteElo "2650"]
[BlackElo "2328"]
[TimeControl "180+1"]
[EndTime "8:07:37 PDT"]
[Termination "JiaHaoxiang won on time"]

1. e4 c5 2. d4 cxd4 3. c3 dxc3 4. Nxc3 Nc6 5. Bc4 d6 6. Nf3 a6 7. O-O Nf6 8. h3 e6 9. Qe2 Qc7 10. Bf4 Ne5 11. Nxe5 dxe5 12. Bg3 Be7 13. Rac1 O-O 14. Bb3 Qb8 15. Na4 b5 16. Nc5 Nd7 17. Nd3 Bb7 18. Rfd1 Rd8 19. f3 Bf6 20. Bf2 Rc8 21. Nc5 Nxc5 22. Bxc5 Rd8 23. Kh1 Rxd1+ 24. Rxd1 Qe8 25. Bb6 h6 26. Qd2 Qe7 27. Qd7 Re8 28. a4 Qxd7 29. Rxd7 Re7 30. Rd8+ Kh7 31. a5 Bg5 32.
Bc2 Bf4 33. Bd3 g6 34. Kg1 f5 35. Kf2 Bc1 36. b3 Bb2 37. Ke2 Bd4 38. Bxd4 exd4 39.
Rxd4 Kg7 40. Rd6 Kf7 41. Ke3 Rc7 42. Rb6 Bc8 43. g4 fxg4 44. hxg4 Rc3 45. b4 Ke7 46. e5 h5 47. Rb8 h4 48. Kd4 Rb3 49. Bxg6 Bd7 50. Kc5 Rxf3 51. Rh8 Rf4 52. Rh7+ 1-0

[Event "Early-Titled-Tuesday-Blitz-June-18-2024"]
[Site "Chess.com"]
[Date "2024.06.18"]
[Round "1"]
[White "DanyKopy"]
[Black "FLYD"]
[Result "0-1"]
[WhiteElo "2556"]
[BlackElo "2159"]
[TimeControl "180+1"]
[EndTime "8:07:37 PDT"]
[Termination "FLYD won on time"]

1. Nf3 Nf6 2. c4 d5 3. cxd5 c6 4.
dxc6 Nxc6 5. g3 e5 6. d3 Bc5 7.
Nc3 Bg4 8. Bg2 h6 9. O-O Qd7 10. Qa4 O-O-O 11. Be3 Bxe3 12. fxe3 Kb8 13. Rac1 h5 14. Nh4 Rc8 15. b4 Bh3 16. b5 Bxg2 17. Kxg2 Ne7 18. b6 axb6 19. Nb5 Nc6 20. Nf5 Nd5 21.
e4 Ndb4 22. Nfd6 Rcf8 23. Rxc6 Nxc6 24. Rc1 Rh6 25. Rxc6 bxc6 26. Qa6 Rxd6 27. Qxb6+ Qb7 28. Qc5 Rdd8 29. Qxe5+ Ka8 30. Nc7+ Ka7 31. Qa5+ Kb8 32. Na6+ Kc8 33. Qf5+ Qd7 34. Qe5 Qb7 35. Qf5+ Rd7 36. Nc5 Qc7 37. a4 g6 38. Qf6 Rd6 0-1

[Event "Early-Titled-Tuesday-Blitz-June-18-2024"]
[Site "Chess.com"]
[Date "2024.06.18"]
[Round "1"]
[White "PeshkaCh"]
[Black "esskeettit"]
[Result "1/2-1/2"]
[WhiteElo "2867"]
[BlackElo "2506"]
[TimeControl "180+1"]
[EndTime "8:07:38 PDT"]
[Termination "Game drawn by repetition"]

1. Nf3 d5 2. d4 Nf6 3. c4 e6 4.
Nc3 Nbd7 5. Bg5 h6 6. Bh4 Be7 7. e3 dxc4 8. Bxc4 Nb6 9. Bd3 Nbd5 10. O-O O-O 11. Rc1 c6 12. Ne5 Nd7 13. Bg3 Nxe5 14. Bxe5 Bd6 15. Bxd6 Qxd6 16. Qf3 Nxc3 17. Rxc3 Qd5 18.
a4 Qxf3 19. gxf3 Rd8 20. b4 Bd7 21. Rb1 a6 22. f4 Kf8 23. Kg2 Ke7 24. Kf3 Rg8 25.
b5 axb5 26. axb5 Ra2 27. bxc6 Bxc6+ 28. Be4 Bxe4+ 29. Kxe4 Rxf2 30. Rxb7+ Kf6 31. Rcc7 Rf8 32. h4 Rh2 33. Rb6 Rxh4 34. d5 g5 35. dxe6 fxe6 36. Rcc6 gxf4 37. Rxe6+ Kg7 38. Rg6+ Kh7 39. exf4 Rhxf4+ 40. Ke3 Rf3+ 41. Ke2 Rf2+ 42. Ke1 Rf1+ 43. Kd2 R1f2+ 44. Kd3 R2f3+ 45. Ke4 R3f4+ 46. Ke3 Rf3+ 47. Ke4 R3f4+ 1/2-1/2

[Event "Early-Titled-Tuesday-Blitz-June-18-2024"]
[Site "Chess.com"]
[Date "2024.06.18"]
[Round "1"]
[White "GatoRojo150"]
[Black "chesslh93"]
[Result "1-0"]
[WhiteElo "2649"]
[BlackElo "2324"]
[TimeControl "180+1"]
[EndTime "8:07:38 PDT"]
[Termination "GatoRojo150 won by resignation"]

1. e4 e5 2. Nf3 Nf6 3. Nxe5 d6 4. Nf3 Nxe4 5. d4 d5 6. Bd3 Nc6 7. O-O Be7 8. Nbd2 Nxd2 9. Bxd2 Bg4 10. c3 O-O 11. h3 Bh5 12. g3 Qd7 13. Kg2 Rfe8 14. Qc2 Bg6 15. Bxg6 hxg6 16. Rae1 a6 17. Bf4 Bd6 18.
Qd2 Rad8 19. b3 Kf8 20. Ng5 Re7 21. Rxe7 Nxe7 22. Re1 Re8 23. Qe3 Bxf4 24. Qxf4 Nf5 25. Rxe8+ Kxe8 26. g4 Nd6 27. Qe5+ Qe7 28. Qxd5 Qe1 29.
Qe5+ Qxe5 30. dxe5 Nb5 31. Ne4 Ke7 32. f4 f5 33.
exf6+ gxf6 34. f5 gxf5 35. gxf5 c5 36. c4 Nd4 37. Nxc5 Nxf5 38. Nxb7 Ne3+ 39. Kf3 Nc2 40. Nc5 a5 41. Nb7 a4 42. bxa4 Nb4 43. a5 Kd7 44. Nc5+ Kc6 45. Ne4 f5 46. Ng3 Nxa2 47. Nxf5 Nc1 48.
h4 Nb3 49. h5 Nd2+ 50. Kf4 Nxc4 51. h6 Nb2 52. h7 Nd3+ 53. Ke3 1-0

[Event "Early-Titled-Tuesday-Blitz-June-18-2024"]
[Site "Chess.com"]
[Date "2024.06.18"]
[Round "1"]
[White "TimGrutter03"]
[Black "lucena125"]
[Result "1-0"]
[WhiteElo "2619"]
[BlackElo "2260"]
[TimeControl "180+1"]
[EndTime "8:07:38 PDT"]
[Termination "TimGrutter03 won by checkmate"]

1. e4 c5 2. Nf3 Nc6 3. c3 d6 4. d4 cxd4 5. cxd4 g6 6. Nc3 Bg7 7. h3 Nf6 8. Be2 O-O 9. O-O e5 10. d5 Ne7 11. Be3 a6 12. Rc1 Bd7 13. Nd2 Ne8 14. Nc4 f5 15. f3 b5 16. Nb6 Rb8 17. Nxd7 Qxd7 18. b4 Nf6 19. Qd3 Nh5 20. a4 Ng3 21.
Rfe1 Nxe2+ 22. Rxe2 bxa4 23. Rb2 f4 24. Bf2 g5 25.
Qxa6 h5 26. Qxa4 Qb7 27. b5 g4 28. b6 gxf3 29. gxf3 Bf6 30. Nb5 Kh8 31. Rc7 Rg8+ 32. Kf1 Qa8 33. Ra7 Qxa7 34. bxa7 Ra8 35. Nc7 Rxa7 36. Qxa7 Rc8 37. Rb8 Rxb8 38. Qxb8+ Kg7 39. Ne6+ Kf7 40. Qf8+ Kg6 41. Qe8+ Kh7 42. Nf8+ Kg8 43.
Nd7+ Kg7 44. Nxf6 Kxf6 45. Bh4+ Kg7 46. Qxe7+ Kh8 47. Qf6+ Kg8 48. Qg6+ Kf8 49. Qxd6+ Kg8 50. Qe6+ Kf8 51. Bf6 h4 52. Qe7+ Kg8 53. Qg7# 1-0

[Event "Early-Titled-Tuesday-Blitz-June-18-2024"]
[Site "Chess.com"]
[Date "2024.06.18"]
[Round "1"]
[White "AndrewMaco"]
[Black "AlphaPerseii"]
[Result "1-0"]
[WhiteElo "2712"]
[BlackElo "2396"]
[TimeControl "180+1"]
[EndTime "8:07:40 PDT"]
[Termination "AndrewMaco won by resignation"]

1. Nf3 Nf6 2. g3 d5 3. Bg2 g6 4. b3 Bg7 5. Bb2 O-O 6. O-O Nc6 7. e3 Bg4 8. d3 e5 9. h3 Bxf3 10. Bxf3 Qd7 11. Bg2 Rad8 12. Nd2 Rfe8 13. a3 Nh5 14. b4 a6 15. c4 d4 16. e4 Bh6 17. Kh2 Ne7 18. h4 f5 19. exf5 Nxf5 20. Ne4 Rf8 21. Nc5 Qe7 22. Qe2 Nxh4 23. Bxb7 Nf4 24. Qe4 Qg5 25.
Bc1 Qh5 26. gxh4 Qxh4+ 27. Kg1 Rf5 28. Bxf4 Rxf4 29. Qxe5 Rg4+ 30. Bg2 Bf4 31. Qe6+ Kh8 32. Rfe1 Qh2+ 33. Kf1 Qxg2+ 34. Ke2 Bg5 35. Kd1 Qf3+ 36. Qe2 Qxe2+ 37. Rxe2 Rg1+ 38. Re1 Rxe1+ 39. Kxe1 Kg7 40.
Ne6+ Kf7 41. Nxd8+ Bxd8 42. b5 a5 43. c5 Be7 44. b6 Bxc5 45. bxc7 1-0

[Event "Early-Titled-Tuesday-Blitz-June-18-2024"]
[Site "Chess.com"]
[Date "2024.06.18"]
[Round "1"]
[White "artin10862"]
[Black "ploxoi"]
[Result "1-0"]
[WhiteElo "2928"]
[BlackElo "2509"]
[TimeControl "180+1"]
[EndTime "8:07:41 PDT"]
[Termination "artin10862 won by resignation"]

1. Nf3 d5 2. b3 Nf6 3. Bb2 Bf5 4. Nh4 Bc8 5. e3 c6 6. c4 e6 7. Nf3 Bd6 8. Nc3 Nbd7 9. d4 O-O 10. Be2 b6 11. O-O Bb7 12. Qc2 Qe7 13. Rac1 h6 14. Rfd1 Rfe8 15. e4 dxe4 16. Nxe4 Nxe4 17. Qxe4 Nf6 18.
Qh4 c5 19. Ne5 Rad8 20. Bf3 Qc7 21. Bxb7 Qxb7 22. Ng4 Nxg4 23. Qxg4 cxd4 24. Bxd4 e5 25. Be3 Qd7 26. Qxd7 Rxd7 27. Rd5 Red8 28. Rcd1 Kf8 29. c5 bxc5 30. Bxc5 Ke7 31. Rxd6 Rxd6 32. Kf1 Ke6 33. Rxd6+ Rxd6 34. Bxd6 Kxd6 35. Ke2 Kc5 36. a3 Kd4 37. Kd2 f5 38. h4 g5 39. hxg5 hxg5 40. f3 a5 41. Kc2 g4 42. fxg4 fxg4 43. Kd2 g3 44.
b4 axb4 45. axb4 Kc4 46. Ke3 Kxb4 47. Ke4 Kc5 48. Kxe5 Kc6 49. Kf4 Kd6 50. Kxg3 Ke6 1-0

[Event "Early-Titled-Tuesday-Blitz-June-18-2024"]
[Site "Chess.com"]
[Date "2024.06.18"]
[Round "1"]
[White "VaglioSagan"]
[Black "MightyGMpretender"]
[Result "0-1"]
[WhiteElo "2485"]
[BlackElo "2856"]
[TimeControl "180+1"]
[EndTime "8:07:41 PDT"]
[Termination "MightyGMpretender won by checkmate"]

1. d4 Nf6 2. c4 e6 3. Nf3 b6 4. e3 Bb7 5. Bd3 Ne4 6. Nc3 Nxc3 7.
bxc3 Be7 8. O-O d6 9. e4 Nd7 10. a4 a5 11. Re1 e5 12. Be3 O-O 13. Qc2 Bc6 14. Nd2 Re8 15. h3 Bg5 16. Nf1 Qf6 17.
Rad1 h6 18. Ng3 g6 19. c5 bxc5 20. d5 Bb7 21. Bb5 Bc8 22. Rb1 Rb8 23. c4 Bxe3 24.
Rxe3 Rf8 25. Qd2 Nb6 26. Rf3 Qg5 27. Qe1 h5 28. Rfb3 h4 29. Nf1 f5 30. f3 fxe4 31.
fxe4 Rf4 32. Nh2 Bb7 33. Nf3 Qg3 34. Qxa5 Rbf8 35. Qc3 Bc8 36. a5 Bxh3 37. Nxh4 Qf2+ 38. Kh2 Bxg2 39. Nxg2 Rh4+ 40. Qh3 Rxh3+ 41. Rxh3 Nc8 42. Bd7 Kg7 43. Be6 Qa2 44. Rbb3 Qxa5 45. Rbg3 Ne7 46.
Nh4 Rf2+ 47. Rg2 Rxg2+ 48. Nxg2 Qd2 49. Rg3 Qh6+ 50. Kg1 Qc1+ 51. Kh2 Qxc4 52. Ne3 Qe2+ 53. Kh3 c4 54. Bg4 Qe1 55. Nxc4 Qh1# 0-1

[Event "Early-Titled-Tuesday-Blitz-June-18-2024"]
[Site "Chess.com"]
[Date "2024.06.18"]
[Round "1"]
[White "SahibSinghKnight"]
[Black "Shivananda1964"]
[Result "0-1"]
[WhiteElo "2678"]
[BlackElo "2394"]
[TimeControl "180+1"]
[EndTime "8:07:41 PDT"]
[Termination "Shivananda1964 won by checkmate"]

1. e4 Nc6 2. d4 e5 3. dxe5 Nxe5 4.
Nf3 Qf6 5. Nxe5 Qxe5 6. Bd3 d5 7. O-O dxe4 8. Bxe4 Bd6 9. g3 Nf6 10. Bg2 Bg4 11. f3 Be6 12. Re1 Qh5 13. Be3 O-O-O 14.
Nd2 Bc5 15. Qe2 Rhe8 16. Qf2 Bxe3 17. Rxe3 Qc5 18. c3 Qb6 19. Nb3 Bxb3 20. Rxe8 Qxf2+ 21.
Kxf2 Nxe8 22. axb3 Rd2+ 23. Kf1 Rxb2 24. Bh3+ Kb8 25.
Re1 Nd6 26. Re7 Rxb3 27. Rd7 a5 28. c4 a4 29. c5 Nb5 30. Rxf7 a3 31. Be6 a2 32.
Bxb3 a1=Q+ 33. Kg2 Qb2+ 34. Kh3 Qxb3 35. Rxg7 Qd5 36. g4 Qxc5 37. Rxh7 Qd5 38. Rh5 Qd4 39. Kh4 Nd6 40. h3 Qf4 41. Rh8+ Ka7 42. Kh5 Nf7 43.
Rg8 Qh6# 0-1

[Event "Early-Titled-Tuesday-Blitz-June-18-2024"]
[Site "Chess.com"]
[Date "2024.06.18"]
[Round "1"]
[White "manitodeplomo"]
[Black "NM_Antelacus"]
[Result "1-0"]
[WhiteElo "2629"]
[BlackElo "2296"]
[TimeControl "180+1"]
[EndTime "8:07:42 PDT"]
[Termination "manitodeplomo won by checkmate"]

1. d4 Nf6 2. c4 e6 3. Nf3 Bb4+ 4. Bd2 Qe7 5. g3 b6 6. Bg2 Bb7 7. O-O Bxd2 8. Qxd2 O-O 9. Nc3 Ne4 10. Nxe4 Bxe4 11.
d5 d6 12. dxe6 fxe6 13. Nd4 Bxg2 14. Kxg2 e5 15. Nf5 Qe6 16. e4 Nd7 17. Qd5 Qxd5 18. cxd5 a5 19. b3 Nc5 20. f3 g6 21. Ne3 b5 22. Rac1 Rfb8 23. Rc2 b4 24. Rfc1 a4 25. Rxc5 dxc5 26. Rxc5 axb3 27. axb3 Rb7 28. Nc4 Ra2+ 29. Kh3 Rc2 30. Rc6 Rc3 31. Nxe5 Rxb3 32. Re6 Ra3 33.
f4 b3 34. Re8+ Kg7 35. Re7+ Kf8 36. Rf7+ Ke8 37. f5 gxf5 38. exf5 b2 39. f6 Re3 40. Re7+ Kf8 41. Nd7+ Kg8 42. f7+ Kg7 43. f8=Q+ Kg6 44.
Qf7+ Kg5 45. Qf6+ Kh5 46. Rxh7# 1-0

[Event "Early-Titled-Tuesday-Blitz-June-18-2024"]
[Site "Chess.com"]
[Date "2024.06.18"]
[Round "1"]
[White "Gumugama"]
[Black "rockstar0902"]
[Result "0-1"]
[WhiteElo "2253"]
[BlackElo "2607"]
[TimeControl "180+1"]
[EndTime "8:07:43 PDT"]
[Termination "rockstar0902 won by resignation"]

1. e4 e5 2. Nf3 Nc6 3. d4 exd4 4. Bc4 Nf6 5. e5 Ng4 6. Bxf7+ Kxf7 7. Ng5+ Ke8 8. Qxg4 d6 9. e6 Qf6 10. O-O h6 11.
Ne4 Qxe6 12. Qd1 Be7 13. Re1 Qf7 14. c3 dxc3 15. Nbxc3 Be6 16. b4 d5 17. Nc5 Bxc5 18. bxc5 Kf8 19. Re3 Kg8 20. Rf3 Qd7 21. Ne2 Bg4 22. Rg3 Kh7 23. Qd3+ Bf5 24. Qc3 Rhe8 25.
Bb2 Re7 26. Nf4 d4 27. Qf3 Rae8 28. h3 Ne5 29. Qh5 g6 30. Qd1 Nc4 31. Bxd4 Re1+ 32. Qxe1 Rxe1+ 33. Rxe1 Qxd4 34. Re7+ Kg8 35. Nxg6 Bxg6 36.
Rxg6+ Kf8 37. Rh7 Qd1+ 38. Kh2 Qd3 39. Rgxh6 Qf5 40. Rh8+ Kg7 41. Rh4 Ne5 42. R8h5 Qxf2 43. Rg5+ Kf6 44. Rhh5 Nf3+ 0-1

[Event "Early-Titled-Tuesday-Blitz-June-18-2024"]
[Site "Chess.com"]
[Date "2024.06.18"]
[Round "1"]
[White "AlexanderKing"]
[Black "FairChess_on_YouTube"]
[Result "0-1"]
[WhiteElo "2543"]
[BlackElo "3122"]
[TimeControl "180+1"]
[EndTime "8:07:44 PDT"]
[Termination "FairChess_on_YouTube won on time"]

1. e4 c5 2. c3 d5 3. exd5 Qxd5 4. d4 Nf6 5. Nf3 e6 6. Be2 Be7 7. O-O O-O 8. c4 Qc6 9. dxc5 Rd8 10. Qc2 Qe4 11.
Qxe4 Nxe4 12. Be3 Nc6 13. Nbd2 Nxc5 14. a3 a5 15. b3 b6 16. Rab1 Bb7 17. Rfd1 h6 18.
h3 Nd7 19. Ra1 Bf6 20. Rab1 Be7 21. Ra1 Bc5 22. Bxc5 Nxc5 23. Rab1 Nd4 24. Nxd4 Rxd4 25. Nf3 Rxd1+ 26. Bxd1 Be4 27. Rc1 Rd8 28. Kf1 Nd3 29.
Ra1 Nf4 30. h4 g5 31. hxg5 hxg5 32. Nxg5 Bxg2+ 33. Kg1 Kg7 34. Bf3 Bxf3 35. Nxf3 Rd3 36. Ne5 Rxb3 37. a4 Kf6 38. Ng4+ Kf5 39. Ne3+ Ke4 40.
Rd1 Kf3 41. Nf1 Ne2+ 42. Kh2 Kxf2 43. Nd2 Rd3 44. Rf1+ Ke3 45. Nb1 f5 46. Kg2 Nf4+ 47. Kg3 Ke4+ 48. Kh2 e5 49. Re1+ Kd4 50. Rc1 Rh3+ 51. Kg1 Ne2+ 52. Kg2 Nxc1 53. Kxh3 Kxc4 54. Kh4 Kb4 55. Kg5 Kxa4 56. Kxf5 Kb3 57. Kxe5 Kb2 58.
Nd2 b5 59. Kd4 Nb3+ 0-1

[Event "Early-Titled-Tuesday-Blitz-June-18-2024"]
[Site "Chess.com"]
[Date "2024.06.18"]
[Round "1"]
[White "Vaathi_Coming"]
[Black "KevinGeorgeMicheal"]
[Result "1-0"]
[WhiteElo "2895"]
[BlackElo "2502"]
[TimeControl "180+1"]
[EndTime "8:07:44 PDT"]
[Termination "Vaathi_Coming won on time"]

1. g3 e5 2. Bg2 d5 3. d3 g6 4. Nf3 Bg7 5. O-O Nc6 6. e4 dxe4 7. dxe4 Qxd1 8. Rxd1 Bg4 9. c3 Nf6 10. Nbd2 O-O-O 11. Re1 Rhe8 12. h3 Bd7 13. Bf1 h6 14. b4 a6 15. a4 Kb8 16. Nc4 Be6 17. b5 axb5 18. axb5 Na7 19. Ncxe5 Nd7 20. Be3 Nxe5 21. Bxa7+ Kc8 22. Nxe5 Bxe5 23. Bd4 Bxd4 24. Ra8+ Kd7 25. Rxd8+ Rxd8 26. cxd4 c6 27. bxc6+ bxc6 28. f4 Kc7 29. Rd1 f5 30. Bg2 fxe4 31. Bxe4 Bxh3 32. Bxg6 Bg4 33.
Rd3 Kd6 34. Kf2 Rg8 35. Be4 Ra8 36. Rc3 Ra2+ 37. Rc2 Ra6 38. f5 Rb6 39. Ke3 Bh5 40.
Kf4 Be8 41. g4 Rb4 42. Rh2 Rxd4 43. Rxh6+ Kc5 44. Ke5 1-0

[Event "Early-Titled-Tuesday-Blitz-June-18-2024"]
[Site "Chess.com"]
[Date "2024.06.18"]
[Round "1"]
[White "FXDon77"]
[Black "UF_10"]
[Result "0-1"]
[WhiteElo "2887"]
[BlackElo "2519"]
[TimeControl "180+1"]
[EndTime "8:07:46 PDT"]
[Termination "UF_10 won by checkmate"]

1. e4 e6 2. d4 d5 3. Nc3 Bb4 4. e5 b6 5. a3 Bf8 6. h4 Qd7 7.
h5 h6 8. Nf3 Ne7 9. Nh4 Ba6 10.
Bxa6 Nxa6 11. Qd3 Nb8 12. Ne2 c5 13. c3 Nbc6 14. O-O Nf5 15. Nxf5 exf5 16. Nf4 Nd8 17. dxc5 Bxc5 18. Nxd5 Nc6 19. Bf4 Rd8 20. c4 O-O 21.
Bxh6 Nxe5 22. Qg3 Ng4 23. Rae1 Qc6 24. Bf4 Rfe8 25. h6 Bxf2+ 26. Qxf2 Nxf2 27. Rxe8+ Rxe8 28. Rxf2 Qxc4 29. Ne3 Qc1+ 30. Rf1 Qxb2 31. Nxf5 gxh6 32. Nxh6+ Kh7 33. Nxf7 Re2 34. Ng5+ Kg6 35. Nh3 Rxg2+ 36. Kh1 Qe2 37. Rc1 Qf3 38. Ng1 Qb7 39. Rc7 Qe4 40. Rc3 Rg3+ 41. Kh2 Qg2# 0-1

[Event "Early-Titled-Tuesday-Blitz-June-18-2024"]
[Site "Chess.com"]
[Date "2024.06.18"]
[Round "1"]
[White "Flawless_Fighter"]
[Black "jup1978"]
[Result "1-0"]
[WhiteElo "2803"]
[BlackElo "2461"]
[TimeControl "180+1"]
[EndTime "8:07:47 PDT"]
[Termination "Flawless_Fighter won by resignation"]

1. Nf3 d5 2. g3 e6 3. Bg2 Nf6 4. O-O Be7 5. d4 O-O 6. c4 c6 7.
Qc2 b6 8. Nbd2 c5 9. Rd1 Bb7 10. b3 Nbd7 11. Bb2 dxc4 12. Nxc4 cxd4 13. Nxd4 Bxg2 14. Kxg2 Rc8 15. Qd3 Nc5 16. Qf3 Qd5 17. Nb5 Qxf3+ 18. exf3 a6 19. Nbd6 Rb8 20. Ne5 Bxd6 21.
Rxd6 Rfd8 22. Rad1 Nd5 23. Rxd8+ Rxd8 24. Rd4 f6 25.
Nc4 b5 26. Nb6 Kf7 27. Nxd5 Rxd5 28. Rxd5 exd5 29. Kf1 Nd3 30. Bc3 Nc1 31. Bd2 Nxa2 32. b4 Ke6 33. Ke2 d4 34. Kd3 Kd5 35. f4 f5 36. f3 h6 37. g4 g6 38. h4 h5 39.
gxh5 gxh5 40. Be1 Nc1+ 41. Kd2 Nb3+ 42. Kd3 a5 43. bxa5 Kc5 44. Kc2 Kc4 45. a6 d3+ 46.
Kd1 Nd4 47. a7 b4 48. a8=Q b3 49. Qa4+ Kd5 50. Bc3 Nxf3 51. Qxb3+ Ke4 52. Qc4+ Ke3 53. Be5 d2 54. Qc3+ Kf2 55. Qd3 Kg3 56. Qxf5 Nxh4 57. Qxh5 Ng2 58. Qg5+ Kf3 59. Qxg2+ Kxg2 60. f5 1-0

[Event "Early-Titled-Tuesday-Blitz-June-18-2024"]
[Site "Chess.com"]
[Date "2024.06.18"]
[Round "1"]
[White "mistrzemi"]
[Black "suyu28"]
[Result "0-1"]
[WhiteElo "2423"]
[BlackElo "2759"]
[TimeControl "180+1"]
[EndTime "8:07:47 PDT"]
[Termination "suyu28 won by resignation"]

1. e4 c5 2. Nf3 d6 3. d4 cxd4 4.
Nxd4 Nf6 5. Nc3 a6 6. Nb3 Nc6 7.
Be2 e6 8. O-O Be7 9. Be3 b5 10.
a3 Bb7 11. f4 Qc7 12. Bf3 O-O 13. Qe1 Rac8 14. Rd1 Rfd8 15. Qg3 b4 16. axb4 Nxb4 17. Rf2 d5 18. e5 Ne4 19. Bxe4 dxe4 20. Rdf1 Nd5 21.
Nxd5 Bxd5 22. Nd4 Bf8 23. f5 Bc4 24. Re1 Bc5 25. f6 g6 26. Qh4 Qxe5 27. c3 Rd5 28.
Nc6 Rxc6 29. Bxc5 Qh5 30. Qxh5 Rxh5 31. b4 Bd3 32. Rd2 h6 33. Ra1 Kh7 34. h3 Rhxc5 35. bxc5 Rxc5 36. Kf2 Rxc3 37. Ke3 g5 38. Kd4 Rc4+ 39.
Ke5 Kg6 40. Rda2 Rc5+ 41. Kd4 Rd5+ 42. Ke3 Kxf6 43. g4 Kg6 44. Ra5 Rxa5 45. Rxa5 f5 46.
gxf5+ exf5 47. Kd4 f4 48. Ra2 Kh5 0-1

[Event "Early-Titled-Tuesday-Blitz-June-18-2024"]
[Site "Chess.com"]
[Date "2024.06.18"]
[Round "1"]
[White "amintabatabaei"]
[Black "zverr1"]
[Result "1-0"]
[WhiteElo "3053"]
[BlackElo "2538"]
[TimeControl "180+1"]
[EndTime "8:07:48 PDT"]
[Termination "amintabatabaei won by resignation"]

1. c4 Nf6 2. Nf3 g6 3. b3 Bg7 4. Bb2 O-O 5. g3 c6 6. Bg2 d5 7.
O-O a5 8. Nc3 Ne4 9. Qc2 Nxc3 10. Bxc3 d4 11. Bb2 c5 12. d3 Nc6 13. Rfe1 e5 14.
e3 dxe3 15. Rxe3 Bf5 16. Nxe5 Nd4 17. Qd2 Qc7 18. Rae1 Rad8 19. f4 b6 20. Bd5 Be6 21.
Bxe6 fxe6 22. Qg2 a4 23. Bxd4 Rxd4 24. Qc6 Qxc6 25. Nxc6 Rd6 26. Rxe6 Rxd3 27. R6e3 Rxe3 28. Rxe3 axb3 29. axb3 Ra8 30. Kg2 Ra2+ 31. Kh3 Rb2 32. Ne7+ Kf7 33. Nd5 Bd4 34. Re7+ Kf8 35. Rxh7 Rxb3 36.
Rb7 Rb2 37. Rxb6 Rc2 38. Rxg6 Bg1 39. Kg4 Bxh2 40. Kf5 Rxc4 41. g4 Rd4 42. Ke5 Rd1 43. Rc6 Re1+ 44. Kf6 Ke8 45. Rxc5 Kd7 46. Rc4 Kd6 47. Nc3 Rf1 48. Kf5 Rf3 49. g5 Bxf4 50. Rxf4 Rxc3 51. Re4 Rf3+ 52. Kg6 Rf1 53. Kg7 Kd5 54.
Re8 Rf5 55. g6 Kd6 56. Kg8 Rf1 57. g7 Kd7 58. Re2 Kd8 59. Rh2 Ke7 60. Kh8 Rg1 61.
g8=R Rxg8+ 62. Kxg8 1-0